 Dungeon Crawl Stone Soup version 0.29.1-1-gd02db69 (webtiles) character file.

Game seed: 4392186096633317688

23035 Timinator the Nimble (level 13, -3/104 HPs)
             Began as a Gnoll Monk on Jan 13, 2023.
             Was an Elder of Nemelex Xobeh.
             Slain by a sun demon (8 damage)
             ... summoned by an orc sorcerer
             ... on level 2 of the Orcish Mines.
             The game lasted 00:58:53 (16784 turns).

Timinator the Nimble (Gnoll Monk)                  Turns: 16784, Time: 00:58:53

Health: -3/104     AC:  1    Str: 10    XL:     13   Next: 4%
Magic:  25/25      EV: 21    Int: 11    God:    Nemelex Xobeh [****..]
Gold:   1242       SH:  0    Dex: 23    Spells: 28/28 levels left

rFire   + . .      SeeInvis .   j - +4 rapier (protect)
rCold   . . .      Faith    .   (no shield)
rNeg    + + +      Spirit   .   T - +0 ring mail {Will+}
rPois   .          Reflect  .   G - +1 hat "Keats" {Rampage rN+++ Str-2}
rElec   .          Harm     .   F - +0 cloak
rCorr   .          Rampage  +   m - +0 pair of gloves
Will    +....                   (no boots)
Stlth   ++++......              (no amulet)
HPRegen 0.27/turn               p - +4 ring of evasion
MPRegen 0.19/turn               C - +6 ring of dexterity

@: corroded, under a protective aura
A: fangs 1, strong nose, distributed training, talons 1, fire resistance 1
a: Renounce Religion, Draw Escape, Draw Destruction, Draw Summoning, Triple
Draw, Deal Four


You were on level 2 of the Orcish Mines.
You worshipped Nemelex Xobeh.
Nemelex Xobeh was greatly pleased with you.
You visited 3 branches of the dungeon, and saw 13 of its levels.
You also visited: Gauntlet.

You collected 1264 gold pieces.
You spent 22 gold pieces at shops.

Inventory:

Hand Weapons
 j - a +4 rapier of protection (weapon)
 E - a +2 dagger of venom
 H - a +4 long sword of freezing
 R - a +4 great sword of holy wrath
Missiles
 y - 11 poisoned darts (quivered)
 J - 7 throwing nets
Armour
 k - a +0 helmet
 m - a +0 pair of gloves (worn)
 F - a +0 cloak (worn)
 G - the +1 hat "Keats" (worn) {Rampage rN+++ Str-2}
   (You found it in a Gauntlet)

   Str:       It affects your strength (-2).
   rN:        It renders you almost immune to negative energy.
   Rampage:   It bestows one free step when moving towards enemies.
 T - a +0 ring mail of willpower (worn)
Jewellery
 p - a +4 ring of evasion (left hand)
 A - a +6 ring of dexterity
 C - a +6 ring of dexterity (right hand)
 I - a ring of wizardry
 O - a +6 ring of strength
 Q - a ring of poison resistance
Wands
 g - a wand of flame (36)
 v - a wand of mindburst (9)
 w - a wand of charming (3)
 L - a wand of quicksilver (9)
 M - a wand of polymorph (3)
 S - a wand of digging (4)
Scrolls
 b - 2 scrolls of amnesia
 c - a scroll of magic mapping {unknown}
 d - 4 scrolls of teleportation {unknown}
 f - 2 scrolls of immolation {unknown}
 l - 2 scrolls of enchant armour {unknown}
 n - 3 scrolls of silence {unknown}
 o - 2 scrolls of enchant weapon
 u - 5 scrolls of noise {unknown}
 D - 2 scrolls of poison {unknown}
 N - 2 scrolls of fear
 P - 2 scrolls of blinking {unknown}
Potions
 a - a potion of cancellation
 e - 2 potions of haste
 h - 3 potions of brilliance
 i - 4 potions of mutation
 q - a potion of degeneration {unknown}
 r - 3 potions of might
 s - a potion of magic
 t - a potion of ambrosia
 x - a potion of attraction
 B - 3 potions of curing
 K - a potion of flight


   Skills:
 + Level 10.5 Fighting
 + Level 10.5 Short Blades
 + Level 8.1 Long Blades
 + Level 8.1 Axes
 + Level 8.1 Maces & Flails
 + Level 8.1 Polearms
 + Level 8.1 Staves
 + Level 8.1 Ranged Weapons
 + Level 8.1 Throwing
 + Level 8.1 Armour
 + Level 10.5 Dodging
 + Level 9.2 Stealth
 + Level 8.1 Shields
 + Level 8.1 Unarmed Combat
 + Level 8.1 Spellcasting
 + Level 6.8 Conjurations
 + Level 6.8 Hexes
 + Level 6.8 Summonings
 + Level 6.8 Necromancy
 + Level 6.8 Translocations
 + Level 6.8 Transmutations
 + Level 6.8 Fire Magic
 + Level 6.8 Ice Magic
 + Level 6.8 Air Magic
 + Level 6.8 Earth Magic
 + Level 6.8 Poison Magic
 + Level 8.9 Invocations
 + Level 8.1 Evocations


You had 28 spell levels left.
You didn't know any spells.
Your spell library contained the following spells:

 Spells                   Type           Power      Damage    Failure   Level
 Apportation              Tloc           38%        N/A       1%          1
 Necrotise                Necr           76%        1d7       1%          1
 Summon Small Mammal      Summ           76%        N/A       1%          1
 Static Discharge         Conj/Air       19%        3-6/arc   3%          2
 Call Canine Familiar     Summ           19%        N/A       6%          3
 Confusing Touch          Hex            19%        N/A       6%          3
 Portal Projectile        Hex/Tloc       38%        N/A       6%          3
 Stone Arrow              Conj/Erth      38%        3d9       6%          3
 Tukima's Dance           Hex            19%        N/A       6%          3
 Animate Armour           Summ/Erth      38%        N/A       21%         4
 Fulminant Prism          Conj/Hex       9%         3d7       21%         4
 Iskenderun's Mystic Bla  Conj/Tloc      19%        2d6       21%         4
 Leda's Liquefaction      Hex/Erth       9%         N/A       21%         4
 Passage of Golubria      Tloc           19%        N/A       21%         4
 Lee's Rapid Deconstruct  Erth           9%         3d8*      50%         5
 Lightning Bolt           Conj/Air       9%         1d22      50%         5
 Yara's Violent Unravell  Hex/Tmut       9%         3d6       50%         5
 Enfeeble                 Hex            9%         N/A       100%        7
 Lehudib's Crystal Spear  Conj/Erth      9%         10d4      100%        8
 Maxwell's Capacitive Co  Air            9%         ∞         100%        8


Dungeon Overview and Level Annotations

Branches:
Dungeon (10/15)            Temple (1/1) D:4            Lair (0/5) D:10
    Orc (2/2) D:9             Elf (0/3) Orc:2       Gauntlet (visited)

Altars:
Ashenzari
Cheibriados
Elyvilon
Hepliaklqana
Kikubaaqudgha
Makhleb
Nemelex Xobeh
Okawaru
Ru
Sif Muna
Trog
Uskayaw
Vehumet
Wu Jian
Xom
Yredelemnul
Zin
The Shining One

Shops:
D:7 (   Orc:1 *   Orc:2 !


Innate Abilities, Weirdness & Mutations

You have very sharp teeth.
Your uncanny sense of smell can sniff out nearby items.
Your experience applies equally to all skills.
You have sharp toenails.
Your flesh is heat resistant. (rF+)


Message History

The ice devil barely misses you.
Your -1 quarterstaff of Tomorrow {freeze, *Noise +Blink Fly rN++} hits the orc sorcerer!
Your -1 quarterstaff of Tomorrow {freeze, *Noise +Blink Fly rN++} freezes the orc sorcerer.
You hit the orc sorcerer but do no damage.
The orc sorcerer is moderately wounded.
Your -1 quarterstaff of Tomorrow {freeze, *Noise +Blink Fly rN++} hits the orc sorcerer!
Your -1 quarterstaff of Tomorrow {freeze, *Noise +Blink Fly rN++} freezes the orc sorcerer.
The orc sorcerer barely misses your -1 quarterstaff of Tomorrow {freeze, *Noise +Blink Fly rN++}.
The ice devil hits you! The ice devil freezes you!
* * * LOW HITPOINT WARNING * * *
You hit the orc sorcerer but do no damage.
You claw the orc sorcerer.
You bite the orc sorcerer, but do no damage.
The orc sorcerer is severely wounded.
Your -1 quarterstaff of Tomorrow {freeze, *Noise +Blink Fly rN++} misses the orc sorcerer.
The orc sorcerer closely misses you. The ice devil completely misses you.
You hit the orc sorcerer but do no damage.
Your kick misses the orc sorcerer.
The orc sorcerer is severely wounded.
Your -1 quarterstaff of Tomorrow {freeze, *Noise +Blink Fly rN++} hits the orc sorcerer!!
Your -1 quarterstaff of Tomorrow {freeze, *Noise +Blink Fly rN++} freezes the orc sorcerer.
The orc sorcerer dies!
The ice devil disappears in a puff of smoke!
Okay, then.
Okay, then.
You draw a card...
You have drawn Pain.
Press: ? - help, Shift-Dir - straight line, f - sun demon
Aim: a sun demon (summoned, ally target)
The sun demon is unaffected.
The sun demon hits you!!
* * * LOW HITPOINT WARNING * * *
You are engulfed in flames!
You resist.
* * * LOW HITPOINT WARNING * * *
Your -1 quarterstaff of Tomorrow {freeze, *Noise +Blink Fly rN++} hits the sun demon!!
Your -1 quarterstaff of Tomorrow {freeze, *Noise +Blink Fly rN++} freezes the sun demon!
The sun demon hits you!
* * * LOW HITPOINT WARNING * * *
You are engulfed in flames!
You resist.
You die...
Your body disappears without a glow.

###.....###≈§8..≈#≈..#.....#..≈#≈
#.......##§§§§...#).)...8......#.
......#.##≈§§§......)).).........
#.......##≈≈≈≈....§...§.§.....§§.
........##≈§≈≈..≈≈§≈≈§§≈≈≈≈≈≈≈≈§≈
........##≈§≈...≈###############≈
........###≈....≈##≈.8..8..8.≈##≈
........###§§.8..##≈§.......§≈##.
.....#...##§§.§(@##≈.........≈##.
..#.##...##≈#'#3###...#####...###
..........###..§§35).§#####§.....
..........##....).o.)≈§≈≈≈≈≈.....
.........##≈.8....)o4..........).
.........##≈.#.........).........
......#..##≈≈#_.)...###5''###....
....##...###§###8..##.......##..8
....#....### ≈§...##..o......##..


You could see a sun demon (summoned, ally target) and a friendly -1 quarterstaff
of Tomorrow {freeze, *Noise +Blink Fly rN++} (summoned).

Vanquished Creatures
  A minotaur (Gauntlet)
  Harold (D:9)
  A catoblepas (Gauntlet)
  2 ogre magi (Orc:2)
  3 two-headed ogres
  Erica (D:8)
  An orc high priest (Orc:2)
  Nergalle (Orc:2)
  Pikel (D:6)
  5 orc sorcerers (Orc:2)
  A moth of wrath (Orc:1)
  Joseph (D:7)
  2 gargoyles
  4 trolls
  3 hornets
  Prince Ribbit (D:9)
  6 flying skulls (Gauntlet)
  A wyvern (D:9)
  A wraith (D:9)
  16 yaks
  Eustachio (D:5)
  A steam dragon (D:9)
  A warg (Orc:2)
  A harpy simulacrum (Gauntlet)
  An acid dragon (D:10)
  4 water moccasins
  Duvessa (D:7)
  3 ice beasts
  A meliai simulacrum (Gauntlet)
  3 sky beasts
  12 orc warriors
  3 black bears
  A boggart (D:5)
  5 ogres
  A lemure (D:6)
  2 kobold brigands (D:10)
  Blork the orc (D:5)
  2 necrophages
  A gnoll sergeant (D:8)
  5 bullfrogs
  3 scorpions
  10 wights
  A hornet simulacrum (Gauntlet)
  Dowan (D:7)
  7 killer bees
  6 howler monkeys
  A crimson imp (D:6)
  4 hounds
  7 orc priests
  4 iguanas
  Jessica (D:2)
  25 orc wizards
  Robin (D:2)
  11 gnolls
  5 adders
  A river rat (Orc:2)
  4 white imps
  An ufetubus (D:7)
  A worm (D:3)
  3 dart slugs (D:4)
  47 orcs
  6 ball pythons
  5 endoplasms
  A giant cockroach (D:3)
  17 goblins
  9 hobgoblins
  3 jackals (D:4)
  15 kobolds
  2 quokkas (D:1)
  3 bats
  7 frilled lizards
  4 rats
319 creatures vanquished.

Vanquished Creatures (collateral kills)
  An orc sorcerer (Orc:2)
1 creature vanquished.

Vanquished Creatures (others)
  3 orc wizards
  A quokka (D:8)
  27 fungi (D:10)
  49 plants (D:10)
  4 withered plants (Gauntlet)
84 creatures vanquished.

Grand Total: 404 creatures vanquished

Notes
Turn   | Place    | Note
-------+----------+-------------------------------------------
     0 | D:1      | Timinator the Gnoll Monk began the quest for the Orb.
     0 | D:1      | Reached XP level 1. HP: 23/23 MP: 1/1
   139 | D:1      | Reached XP level 2. HP: 13/29 MP: 2/2
  1139 | D:2      | Reached XP level 3. HP: 22/35 MP: 3/3
  1141 | D:2      | Noticed Robin
  1161 | D:2      | Killed Robin
  1162 | D:2      | Reached skill level 1 in Invocations
  1456 | D:2      | Noticed Jessica
  1465 | D:2      | Killed Jessica
  1466 | D:2      | Reached skill level 1 in Long Blades
  1466 | D:2      | Reached skill level 1 in Axes
  1466 | D:2      | Reached skill level 1 in Maces & Flails
  1466 | D:2      | Reached skill level 1 in Polearms
  1466 | D:2      | Reached skill level 1 in Staves
  1466 | D:2      | Reached skill level 1 in Ranged Weapons
  1466 | D:2      | Reached skill level 1 in Throwing
  1466 | D:2      | Reached skill level 1 in Armour
  1466 | D:2      | Reached skill level 1 in Shields
  1466 | D:2      | Reached skill level 1 in Unarmed Combat
  1466 | D:2      | Reached skill level 1 in Spellcasting
  1466 | D:2      | Reached skill level 1 in Evocations
  1466 | D:2      | Reached XP level 4. HP: 28/41 MP: 5/5
  1966 | D:2      | Reached skill level 1 in Conjurations
  1966 | D:2      | Reached skill level 1 in Hexes
  1966 | D:2      | Reached skill level 1 in Summonings
  1966 | D:2      | Reached skill level 1 in Necromancy
  1966 | D:2      | Reached skill level 1 in Translocations
  1966 | D:2      | Reached skill level 1 in Transmutations
  1966 | D:2      | Reached skill level 1 in Fire Magic
  1966 | D:2      | Reached skill level 1 in Ice Magic
  1966 | D:2      | Reached skill level 1 in Air Magic
  1966 | D:2      | Reached skill level 1 in Earth Magic
  1966 | D:2      | Reached skill level 1 in Poison Magic
  2272 | D:3      | Reached XP level 5. HP: 18/47 MP: 5/7
  3746 | D:4      | Found a staircase to the Ecumenical Temple.
  3783 | D:4      | Reached XP level 6. HP: 53/53 MP: 8/8
  3797 | Temple   | Entered the Ecumenical Temple
  3822 | Temple   | Became a worshipper of Nemelex Xobeh the Trickster
  3822 | Temple   | Reached * piety under Nemelex Xobeh
  3822 | Temple   | Received a gift from Nemelex Xobeh
  3822 | Temple   | Received a gift from Nemelex Xobeh
  3822 | Temple   | Reached ** piety under Nemelex Xobeh
  4520 | D:5      | Entered Level 5 of the Dungeon
  4648 | D:5      | Noticed Blork the orc
  4655 | D:5      | Killed Blork the orc
  4681 | D:5      | Reached XP level 7. HP: 57/60 MP: 10/10
  4883 | D:5      | Received a gift from Nemelex Xobeh
  5130 | D:5      | Found a sacrificial altar of Ru.
  5176 | D:5      | Reached *** piety under Nemelex Xobeh
  5227 | D:5      | Reached skill level 5 in Stealth
  5520 | D:5      | Noticed a two-headed ogre
  5526 | D:5      | Killed a two-headed ogre
  5527 | D:5      | Reached XP level 8. HP: 67/67 MP: 11/13
  5588 | D:5      | Gained mutation: Your muscles are strong. (Str +4, Int/Dex
                  | -1) [potion of mutation]
  5589 | D:5      | Lost mutation: Your muscles are strong. (Str +4, Int/Dex
                  | -1) [potion of mutation]
  5589 | D:5      | Gained mutation: Your flesh is heat resistant. (rF+)
                  | [potion of mutation]
  5589 | D:5      | Gained mutation: You have sharp toenails. [potion of
                  | mutation]
  5977 | D:5      | Noticed Eustachio
  6035 | D:5      | Killed Eustachio
  6215 | D:6      | Reached XP level 9. HP: 67/73 MP: 14/14
  6631 | D:6      | Received a gift from Nemelex Xobeh
  6663 | D:6      | Found a hide-covered altar of Uskayaw.
  6685 | D:6      | Noticed a two-headed ogre
  6703 | D:6      | Killed a two-headed ogre
  6704 | D:6      | Reached skill level 5 in Invocations
  6847 | D:6      | Noticed Pikel
  6879 | D:6      | Killed Pikel
  6880 | D:6      | Reached skill level 5 in Long Blades
  6880 | D:6      | Reached skill level 5 in Axes
  6880 | D:6      | Reached skill level 5 in Maces & Flails
  6880 | D:6      | Reached skill level 5 in Polearms
  6880 | D:6      | Reached skill level 5 in Staves
  6880 | D:6      | Reached skill level 5 in Ranged Weapons
  6880 | D:6      | Reached skill level 5 in Throwing
  6880 | D:6      | Reached skill level 5 in Armour
  6880 | D:6      | Reached skill level 5 in Shields
  6880 | D:6      | Reached skill level 5 in Unarmed Combat
  6880 | D:6      | Reached skill level 5 in Spellcasting
  6880 | D:6      | Reached skill level 5 in Evocations
  6880 | D:6      | Reached XP level 10. HP: 78/81 MP: 17/17
  7036 | D:6      | Found an ornate altar of the Wu Jian Council.
  7374 | D:6      | Received a gift from Nemelex Xobeh
  7830 | D:7      | Found a hazy altar of Hepliaklqana.
  7883 | D:7      | Noticed Dowan
  7883 | D:7      | Noticed Joseph
  7889 | D:7      | Noticed Duvessa
  7926 | D:7      | Killed Dowan
  7975 | D:7      | Killed Duvessa
  8313 | D:7      | Killed Joseph
  8438 | D:7      | Reached **** piety under Nemelex Xobeh
  9083 | D:7      | Found Gofac's Weapon Shoppe.
  9150 | D:7      | Received a gift from Nemelex Xobeh
  9321 | D:8      | Found a white marble altar of Elyvilon.
  9531 | D:8      | Found a glowing silver altar of Zin.
  9633 | D:8      | Found a glowing golden altar of the Shining One.
 10050 | D:8      | Reached skill level 5 in Conjurations
 10050 | D:8      | Reached skill level 5 in Hexes
 10050 | D:8      | Reached skill level 5 in Summonings
 10050 | D:8      | Reached skill level 5 in Necromancy
 10050 | D:8      | Reached skill level 5 in Translocations
 10050 | D:8      | Reached skill level 5 in Transmutations
 10050 | D:8      | Reached skill level 5 in Fire Magic
 10050 | D:8      | Reached skill level 5 in Ice Magic
 10050 | D:8      | Reached skill level 5 in Air Magic
 10050 | D:8      | Reached skill level 5 in Earth Magic
 10050 | D:8      | Reached skill level 5 in Poison Magic
 10050 | D:8      | Reached XP level 11. HP: 30/89 MP: 20/20
 10313 | D:8      | Received a gift from Nemelex Xobeh
 10329 | D:8      | Found a basalt altar of Yredelemnul.
 10330 | D:8      | Noticed Erica
 10358 | D:8      | Killed Erica
 10417 | D:8      | Found a snail-covered altar of Cheibriados.
 10796 | D:9      | Found a broken altar of Ashenzari.
 10938 | D:9      | Found a shimmering altar of Xom.
 10938 | D:9      | Noticed Harold
 10982 | D:9      | Noticed Prince Ribbit
 10983 | D:9      | Killed Harold
 10992 | D:9      | Killed Prince Ribbit
 11149 | D:9      | Found a staircase to the Orcish Mines.
 11159 | D:9      | Found a bloodstained altar of Trog.
 11645 | D:10     | Entered Level 10 of the Dungeon
 12045 | D:10     | Found an ancient bone altar of Kikubaaqudgha.
 12068 | D:10     | Found a staircase to the Lair.
 12147 | D:10     | Found an iron altar of Okawaru.
 12303 | D:10     | Noticed a two-headed ogre
 12315 | D:10     | Killed a two-headed ogre
 12429 | D:10     | Found a burning altar of Makhleb.
 12431 | D:10     | Noticed a two-headed ogre
 12661 | D:10     | Reached ***** piety under Nemelex Xobeh
 12663 | D:10     | Received a gift from Nemelex Xobeh
 12764 | D:10     | Reached XP level 12. HP: 75/97 MP: 22/22
 12906 | Orc:1    | Entered Level 1 of the Orcish Mines
 12994 | Orc:2    | Entered Level 2 of the Orcish Mines
 13076 | Orc:2    | Noticed an orc high priest
 13173 | Orc:2    | Noticed a sun demon
 13222 | Orc:2    | Noticed a soul eater
 13222 | Orc:2    | Killed an orc high priest
 13294 | Orc:2    | Found a staircase to the Elven Halls.
 13435 | Orc:2    | Found a gate leading to a gauntlet.
 13438 | Orc:2    | Received a gift from Nemelex Xobeh
 13444 | Gauntlet | Entered a Gauntlet
 13444 | Gauntlet | Found a transporter.
 13444 | Gauntlet | Found a transporter.
 13446 | Gauntlet | Noticed a death scarab
 13571 | Gauntlet | Noticed a catoblepas
 13661 | Gauntlet | Found a transporter.
 13689 | Gauntlet | Found a transporter.
 13706 | Gauntlet | Found a transporter.
 13706 | Gauntlet | Found a transporter.
 13708 | Gauntlet | Found a transporter.
 13708 | Gauntlet | Found a transporter.
 13711 | Gauntlet | Found a transporter.
 13723 | Gauntlet | Found a transporter.
 13740 | Gauntlet | Found a transporter.
 13754 | Gauntlet | Found a transporter.
 13769 | Gauntlet | Found a transporter.
 13791 | Gauntlet | Found a transporter.
 13902 | Gauntlet | Killed a catoblepas
 13903 | Gauntlet | Reached skill level 10 in Fighting
 13903 | Gauntlet | Reached skill level 10 in Short Blades
 13903 | Gauntlet | Reached skill level 10 in Dodging
 14377 | Gauntlet | Identified the +1 hat "Keats" {Rampage rN+++ Str-2}
 14734 | Gauntlet | Identified the +1 cloak of Jitut {Rampage *Corrode MP+9
                  | Int+3}
 14852 | Gauntlet | Noticed a minotaur
 14859 | Gauntlet | Killed a minotaur
 15509 | Orc:1    | Found Eloogour's General Store.
 15528 | Orc:1    | Bought a scroll of identify for 22 gold pieces
 15749 | Orc:2    | Received a gift from Nemelex Xobeh
 16065 | Orc:2    | Found Tieggy's Distillery.
 16160 | Orc:2    | Found a radiant altar of Vehumet.
 16161 | Orc:2    | Noticed an ogre mage
 16161 | Orc:2    | Noticed an ogre mage
 16176 | Orc:2    | Killed an ogre mage
 16197 | Orc:2    | Paralysed by an ogre mage for 3 turns
 16204 | Orc:2    | Killed an ogre mage
 16293 | Orc:2    | Noticed Nergalle
 16345 | Orc:2    | Noticed a sun demon
 16363 | Orc:2    | Killed Nergalle
 16647 | Orc:2    | Found an ancient bone altar of Kikubaaqudgha.
 16679 | Orc:2    | Reached XP level 13. HP: 102/104 MP: 25/25
 16683 | Orc:2    | Found Gico's Antique Armour Emporium.
 16779 | Orc:2    | Identified the -1 quarterstaff of Tomorrow {freeze, *Noise
                  | +Blink Fly rN++}
 16784 | Orc:2    | HP: 5/104 [sun demon[an orc sorcerer] (9)]
 16784 | Orc:2    | Slain by a sun demon

Illustrated notes

Levels and vault maps discovered:
D:1:      spicycebolla_arrival_xxxplode, layout_loops_ring
D:2:      layout_loops_ring, uniq_jessica, uniq_robin
D:3:      layout_rooms
D:4:      layout_gridville, minmay_temple_entry_grid
D:5:      layout_basic, nicolae_ru_awakened_eye, grunt_tough_drop,
          uniq_blork_the_orc, uniq_eustachio
D:6:      layout_loops_ring, kennysheep_mini, nicolae_wu_jian_wuxing_cycle,
          minmay_fire_ice_demons, uniq_pikel
D:7:      layout_basic, mainiacjoe_overflow_cross_hatched,
          minmay_shop_grid_forest, uniq_duvessa, uniq_joseph
D:8:      layout_loops_ring, cheibriados_altar_1, tso_oasis_becter,
          elyvilon_altar_4, nicolae_overflow_crystal_walls, marbit_many_paths,
          uniq_erica
D:9:      layout_loops_ring, mainiacjoe_overflow_concentric_impassable,
          trog_hazing_becter, kennysheep_mini_moat, orc_0_dummy,
          roderic_lattice_a, minmay_tree_intersection, uniq_prince_ribbit1,
          uniq_harold
D:10:     layout_basic, mainiacjoe_overflow_brackets, tgw_kikubaaqudgha,
          lemuel_tele_altar, due_lair_maze_entry_diamond, moated_statue
Temple:   nicolae_temple_superstar
Orc:1:    layout_caves, serial_shops, nicolae_shop_statue_plus,
          dreamdust_deal_with_the_devil
Orc:2:    kennysheep_orc_mage_school, layout_caves, gauntlet_entry_generic

Skill      XL: |  1  2  3  4  5  6  7  8  9 10 11 12 |
---------------+-------------------------------------+-----
Invocations    | 1 2 3 4 5 6 7 8 |  8.9
Long Blades    | 1 2 3 5 6 7 8 |  8.1
Axes           | 1 2 3 5 6 7 8 |  8.1
Maces & Flails | 1 2 3 5 6 7 8 |  8.1
Polearms       | 1 2 3 5 6 7 8 |  8.1
Staves         | 1 2 3 5 6 7 8 |  8.1
Ranged Weapons | 1 2 3 5 6 7 8 |  8.1
Throwing       | 1 2 3 5 6 7 8 |  8.1
Armour         | 1 2 3 5 6 7 8 |  8.1
Shields        | 1 2 3 5 6 7 8 |  8.1
Unarmed Combat | 1 2 3 5 6 7 8 |  8.1
Spellcasting   | 1 2 3 5 6 7 8 |  8.1
Evocations     | 1 2 3 5 6 7 8 |  8.1
Conjurations   | 1 2 3 4 5 6 |  6.8
Hexes          | 1 2 3 4 5 6 |  6.8
Summonings     | 1 2 3 4 5 6 |  6.8
Necromancy     | 1 2 3 4 5 6 |  6.8
Translocations | 1 2 3 4 5 6 |  6.8
Transmutations | 1 2 3 4 5 6 |  6.8
Fire Magic     | 1 2 3 4 5 6 |  6.8
Ice Magic      | 1 2 3 4 5 6 |  6.8
Air Magic      | 1 2 3 4 5 6 |  6.8
Earth Magic    | 1 2 3 4 5 6 |  6.8
Poison Magic   | 1 2 3 4 5 6 |  6.8
Fighting       | 7 8 9 10 | 10.5
Short Blades   | 7 8 9 10 | 10.5
Dodging        | 7 8 9 10 | 10.5
Stealth        | 5 6 7 8 9 |  9.2

Action                   |  1- 3 |  4- 6 |  7- 9 | 10-12 | 13-15 || total
-------------------------+-------+-------+-------+-------+-------++-------
Melee: Short sword       |   120 |   265 |       |       |       ||   385
       Bite              |    14 |    33 |    38 |   146 |    10 ||   241
       Punch             |       |     4 |    13 |    55 |     4 ||    76
       Dagger            |       |    60 |   196 |       |       ||   256
       Kick              |       |       |    79 |   432 |    28 ||   539
       Rapier            |       |       |   126 |  1010 |    47 ||  1183
Throw: Dart              |       |     3 |       |    17 |       ||    20
       Throwing net      |       |       |       |     1 |       ||     1
Invok: Draw Destruction  |       |     1 |     5 |    18 |     3 ||    27
       Triple Draw       |       |       |       |     2 |     1 ||     3
       Draw Escape       |       |       |       |     2 |       ||     2
       Draw Summoning    |       |       |       |       |     1 ||     1
Evoke: Wand              |       |       |       |     4 |       ||     4
  Use: Potion            |       |     1 |     3 |     7 |       ||    11
       Scroll            |       |       |     5 |    12 |       ||    17
 Stab: Sleeping          |     6 |    13 |     2 |     7 |       ||    28
       Distracted        |       |     1 |       |     1 |       ||     2
Armor: Robe              |    13 |    36 |       |       |       ||    49
       Ring mail         |       |     2 |    46 |   195 |     4 ||   247
       Skin              |       |       |     6 |    16 |       ||    22
Dodge: Dodged            |    62 |   269 |   157 |   702 |    91 ||  1281
